 Dungeon Crawl Stone Soup version 0.14.1-1-g650416f (webtiles) character file.

4324 Indrah22 the Covert (level 10, -1/86 HPs)
             Began as a Ghoul Assassin on May 11, 2014.
             Was a Believer of Yredelemnul.
             Shot with a bolt by an orc warrior (8 damage)
             ... in a bailey.
             The game lasted 01:09:18 (8492 turns).

Indrah22 the Covert (Ghoul Assassin)                Turns: 8492, Time: 01:09:18

HP  -1/86        AC 10     Str 16      XL: 10   Next: 28%
MP  14/15        EV 12     Int  9      God: Yredelemnul [**....]
Gold 142         SH  0     Dex  9      Spells:  0 memorised,  9 levels left

rFire  . . .     SeeInvis .     e - +6,+8 trident of Equivalence {venom, +Fly MR++ Dex-1}
rCold  + + .     Clarity  .     v - +3 leather armour {rC+}
rNeg   + + +     Conserve .     (no shield)
rPois  +         rCorr    .     g - +2 helmet
rElec  .         rRot     +     Q - +0 cloak
SustAb . .       Spirit   .     (no gloves)
rMut   .         Warding  .     (no boots)
Saprov + + +     Stasis   .     (no amulet)
MR     ++...                    (no ring)
                                (no ring)

@: flying, rotting, very resistant to hostile enchantments, quite stealthy
A: rotting body, claws 1, carnivore 3, cold resistance 1, life protection 3,
poison resistance, saprovore 3, slow healing 1, torment resistance, unbreathing
a: Animate Remains, Recall Undead Slaves, Injury Mirror, Renounce Religion, Stop
Flying


You were in a bailey.
You worshipped Yredelemnul.
Yredelemnul was pleased with you.
You were not hungry.

You visited 2 branches of the dungeon, and saw 9 of its levels.
You also visited: Ossuary and Bailey.

You collected 216 gold pieces.
You spent 74 gold pieces at shops.

Inventory:

Hand weapons
 a - a +2,+2 dagger
 e - the +6,+8 trident of Equivalence (weapon) {venom, +Fly MR++ Dex-1}
   (You found it on level 4 of the Dungeon)

   It poisons the flesh of those it strikes.
   It affects your dexterity (-1).
   It affects your resistance to hostile enchantments.
   It lets you fly.
 f - a +2,+0 vampiric cutlass
 i - a +1,+1 whip of pain
 q - a +0 blowgun
 w - a +3,+0 dagger of draining
 A - a cursed +0,+0 spear
 B - a +1,+1 whip of freezing
 F - a +3,+2 trident of protection
 G - a +4,+1 spear
 R - a +2,+0 dagger of speed
 S - a +1,+1 dagger of venom
 T - a +1,+4 quarterstaff
Missiles
 b - 5 darts of frost
 j - 2 darts
 p - 41 poisoned needles
 r - 8 tomahawks
 s - 2 tomahawks of returning
 t - 13 stones
 x - 59 sling bullets
 U - 4 javelins (quivered)
Armour
 g - a +2 helmet (worn)
 v - a +3 leather armour of cold resistance (worn)
 Q - a +0 cloak (worn)
Magical devices
 c - a wand of digging (3)
 n - a wand of digging (17)
 K - a wand of slowing (12)
 Z - a wand of flame (17)
Comestibles
 M - a slice of pizza
Scrolls
 k - 2 scrolls of recharging
 l - 2 scrolls of immolation
 y - 4 scrolls of magic mapping
 C - a scroll of vulnerability {unknown}
 D - 2 scrolls of enchant weapon II
 E - 2 scrolls of enchant armour {unknown}
 H - 2 scrolls of summoning
 J - a scroll of fog {unknown}
 L - a scroll of enchant weapon I {unknown}
 W - a scroll of amnesia {unknown}
 X - a scroll of teleportation {unknown}
Potions
 m - 4 potions of restore abilities
 o - 2 potions of resistance
 u - a potion of brilliance
 z - 2 potions of haste
 I - a potion of degeneration {unknown}
 O - a potion of berserk rage {unknown}
 P - a potion of magic {unknown}
 V - 2 potions of curing
 Y - a potion of might
Miscellaneous
 N - a plain deck of war


   Skills:
 + Level 7.3 Fighting
 - Level 4.0 Short Blades
 + Level 4.0 Polearms
 + Level 5.7 Throwing
 + Level 5.6 Dodging
 + Level 8.7 Stealth
 + Level 5.0 Invocations


You had 9 spell levels left.
You didn't know any spells.

Dungeon Overview and Level Annotations

Branches:
Dungeon (8/15)             Temple (1/1) D:5
   Lair: D:8-11

Altars:
Ashenzari
Cheibriados
Dithmenos
Elyvilon
Fedhas
Kikubaaqudgha
Makhleb
Nemelex Xobeh
Okawaru
Sif Muna
Trog
Vehumet
Xom
Yredelemnul
Zin

Shops:
D:6 *(((?


Innate Abilities, Weirdness & Mutations

Your body is rotting away.
You have sharp fingernails.
You are carnivorous and can eat meat at any time.
Your flesh is cold resistant.
You are immune to negative energy.
Your system is resistant to poisons.
You thrive on rotten meat.
You heal slowly when monsters are visible.
You are immune to unholy pain and torment.
You can survive without breathing.


Message History

The orc warrior is heavily wounded.
The orc warrior shoots a bolt.
The bolt hits you!
* * * LOW HITPOINT WARNING * * *
You hear a splash.
Attack whom?
Press: ? - help, Dir - move target cursor, f/p - orc warrior
Aim: an orc warrior, wielding a crossbow and wearing a scale mail (heavily wounded)
You reach to attack!
You hit the orc warrior.
The orc warrior is poisoned.
The orc warrior is severely wounded.
The orc warrior shoots a bolt.
The bolt hits you!
* * * LOW HITPOINT WARNING * * *
You hear a splash.
Attack whom?
Press: ? - help, Dir - move target cursor, f/p - orc warrior
Aim: an orc warrior, wielding a crossbow and wearing a scale mail (severely wounded, poisoned)
You reach to attack!
You barely miss the orc warrior.
The orc warrior is severely wounded.
The orc warrior shoots a bolt.
The bolt hits you!
You die...
Yredelemnul claims you as an undead slave.

≈≈≈≈≈≈≈ ≈ .
≈≈≈≈≈≈≈ ≈≈≈≈# .##
≈≈≈≈≈≈≈ o≈≈≈≈. ^.
≈. ≈≈≈≈≈≈≈≈
≈≈≈≈≈≈##.##≈..
≈≈≈≈≈##
≈≈≈≈≈≈≈#.#≈≈...
≈≈####
#≈≈≈≈≈≈≈≈≈≈... ≈##
#≈≈≈≈o≈≈≈≈... ##
#≈≈)≈≈≈≈≈.... #
#≈≈≈@≈≈≈≈.... #
##≈(≈≈≈≈≈....
#≈≈≈≈≈≈≈.....
#≈(≈≈≈≈≈......
#≈≈≈≈≈≈≈......#
≈##
##≈≈≈≈≈≈≈......#
#≈≈#
#≈≈≈≈≈≈≈≈......#
≈≈≈#
##≈≈≈≈≈≈≈≈......#
≈≈≈#
##≈≈≈≈≈≈≈≈≈......#


You could see an orc warrior.

Vanquished Creatures
  Pikel (D:6)
  A feature mimic (D:7)
  Eustachio (D:4)
  4 orc warriors
  A porcupine (D:8)
  An ogre (D:3)
  A centaur (D:5)
  A phantom (D:8)
  2 giant frogs
  2 scorpions
  2 water moccasin zombies (Ossuary)
  A gnoll sergeant (D:6)
  A giant goldfish zombie (D:3)
  10 killer bees
  2 crimson imps
  4 goliath beetles
  A gnoll shaman (D:4)
  A hound (D:4)
  A quasit (D:5)
  4 worker ants
  3 orc priests
  A giant frog skeleton (D:5)
  3 iguanas
  3 orc wizards
  Ijyb (D:5)
  2 big kobold zombies (Ossuary)
  2 mummies (Ossuary)
  8 gnolls
  7 adders
  A big fish zombie (D:3)
  2 shadow imps
  6 giant mites
  4 worms
  10 adder zombies (Ossuary)
  A giant eyeball (D:8)
  6 giant geckos
  29 orcs
  A bat skeleton (D:4)
  7 giant cockroaches
  6 gnoll zombies (Ossuary)
  11 goblins
  13 hobgoblins
  17 kobolds
  2 quokkas
  3 ball pythons
  10 bats
  4 giant newts
  4 hobgoblin zombies
  6 jackals
  A kobold skeleton (D:4)
  3 kobold zombies (Ossuary)
  9 orc zombies
  A quokka zombie (D:4)
  5 rats
  A rat zombie (D:4)
235 creatures vanquished.

Vanquished Creatures (collateral kills)
  A feature mimic (D:7)
  A hippogriff (D:8)
  Edmund (D:6)
  An ogre (D:8)
  A goliath beetle (D:5)
  An ogre zombie (D:5)
  A worker ant zombie (D:5)
  2 gnolls (D:6)
  2 giant mites
  A giant gecko (D:7)
  2 orcs (D:8)
  2 goblins
  A hobgoblin (D:8)
  2 jackals (D:5)
  A bat (D:6)
  A giant newt skeleton (D:5)
  A rat (D:6)
  A butterfly (D:5)
23 creatures vanquished.

Vanquished Creatures (others)
  An ogre (D:6)
  A centaur zombie (D:5)
  A big kobold zombie (D:6)
  A porcupine zombie (D:8)
  2 killer bee zombies (D:8)
  An adder (D:6)
  An adder zombie (D:8)
  A ball python (D:6)
  A giant cockroach zombie (D:5)
  A giant gecko zombie (D:5)
  A goblin zombie (D:8)
  2 hobgoblin zombies
  A kobold zombie (D:7)
  An orc skeleton (Bailey)
  6 orc zombies
  A rat zombie (D:5)
23 creatures vanquished.

Grand Total: 281 creatures vanquished

Notes
Turn   | Place    | Note
--------------------------------------------------------------
     0 | D:1      | Indrah22, the Ghoul Assassin, began the quest for the Orb.
     0 | D:1      | Reached XP level 1. HP: 17/17 MP: 1/1
   140 | D:1      | Reached XP level 2. HP: 22/24 MP: 2/2
   366 | D:1      | Reached skill level 1 in Dodging
   667 | D:1      | Reached XP level 3. HP: 28/30 MP: 3/3
   834 | D:2      | Reached skill level 5 in Stealth
  1412 | D:3      | Noticed an ogre
  1425 | D:3      | Killed an ogre
  1425 | D:3      | Reached XP level 4. HP: 36/38 MP: 3/3
  1425 | D:3      | Reached XP level 5. HP: 42/45 MP: 4/4
  1453 | D:3      | Found a blossoming altar of Fedhas.
  2260 | D:3      | Found a glowing silver altar of Zin.
  2575 | D:3      | Found a basalt altar of Yredelemnul.
  2584 | D:3      | Reached XP level 6. HP: 51/51 MP: 5/5
  2700 | D:3      | Became a worshipper of Yredelemnul the Dark
  2926 | D:4      | Noticed Eustachio
  2962 | D:4      | Killed Eustachio
  2962 | D:4      | Reached skill level 6 in Stealth
  2962 | D:4      | Reached XP level 7. HP: 24/59 MP: 5/5
  3007 | D:4      | Found a sand-covered staircase.
  3037 | Ossuary  | Entered an ossuary
  4684 | D:4      | Reached XP level 8. HP: 61/67 MP: 6/6
  4735 | D:4      | Acquired Yredelemnul's first power
  4881 | D:4      | Found a snail-covered altar of Cheibriados.
  4894 | D:4      | Got a slimy trident
  4895 | D:4      | Identified the +6,+8 trident of Equivalence {venom, +Fly MR++ Dex-1} (You found it on level 4 of the Dungeon)
  4994 | D:5      | Entered Level 5 of the Dungeon
  5081 | D:5      | Found a sparkling altar of Nemelex Xobeh.
  5144 | D:5      | Reached skill level 5 in Fighting
  5154 | D:5      | Found a shattered altar of Ashenzari.
  5198 | D:5      | Reached skill level 1 in Invocations
  5252 | D:5      | Found a staircase to the Ecumenical Temple.
  5264 | Temple   | Entered the Ecumenical Temple
  5361 | D:5      | Noticed Ijyb
  5373 | D:5      | Killed Ijyb
  5540 | D:5      | Found an ancient bone altar of Kikubaaqudgha.
  5724 | D:5      | Reached skill level 1 in Polearms
  5737 | D:5      | Reached skill level 7 in Stealth
  5880 | D:6      | Noticed Pikel
  6063 | D:6      | Found Hojor's Magic Scroll Shoppe.
  6095 | D:6      | Killed Pikel
  6095 | D:6      | Reached XP level 9. HP: 57/75 MP: 7/12
  6131 | D:6      | Your ally Pikel died
  6322 | D:6      | Found Crovoizo's Antique Weapon Emporium.
  6326 | D:6      | Bought a scroll of identify for 24 gold pieces
  6326 | D:6      | Bought a scroll of identify for 24 gold pieces
  6339 | D:6      | Found Raxzean's Weapon Emporium.
  6361 | D:6      | Found Edayveto's Antique Weapon Emporium.
  6385 | D:6      | Acquired Yredelemnul's second power
  6403 | D:6      | Found a bloodstained altar of Trog.
  6495 | D:6      | Noticed Edmund
  6504 | D:6      | Killed Edmund
  6644 | D:6      | Found Teskuova's General Store.
  6651 | D:6      | Bought a scroll of identify for 26 gold pieces
  6979 | D:7      | Killed an escape hatch mimic
  6979 | D:7      | Reached skill level 8 in Stealth
  7164 | D:7      | Reached skill level 5 in Throwing
  7251 | D:7      | Reached skill level 5 in Dodging
  7381 | D:7      | Killed a staircase mimic
  7519 | D:8      | Reached XP level 10. HP: 36/82 MP: 14/14
  7618 | D:8      | Found a flagged portal.
  7697 | Bailey   | Entered a bailey
  8231 | Bailey   | Reached skill level 5 in Invocations
  8492 | Bailey   | Shot with a bolt by an orc warrior

Action                   |  1- 3 |  4- 6 |  7- 9 | 10-12 || total
-------------------------+-------+-------+-------+-------++-------
Melee: Dagger            |    52 |   115 |    74 |       ||   241
       Cutlass           |       |       |   265 |       ||   265
       Trident           |       |       |   215 |    84 ||   299
 Fire: Blowgun           |    49 |    64 |    83 |     7 ||   203
Throw: Dart              |     4 |       |       |       ||     4
       Tomahawk          |     1 |       |     5 |       ||     6
       Stone             |       |       |     4 |       ||     4
       Javelin           |       |       |     5 |       ||     5
Invok: Animate Remains   |       |       |    25 |    12 ||    37
       Recall Undead Sla |       |       |     1 |       ||     1
       Injury Mirror     |       |       |       |     1 ||     1
 Abil: Evoke Flight      |       |       |       |     7 ||     7
       Stop Flying       |       |       |       |     1 ||     1
Evoke: Wand              |       |       |     2 |       ||     2
  Use: Scroll            |     4 |     3 |    12 |     1 ||    20
       Potion            |       |       |     2 |     2 ||     4
 Stab: Sleeping          |     5 |     2 |    23 |     1 ||    31
       Distracted        |       |     1 |     2 |       ||     3
